 Seeded DCSS version 0.32-a0-909-gc671339a80 (webtiles) character file.

Game seed: 17073724502869601980 (custom seed)

175 timneilson the Ruffian (level 5, -1/34 HPs)
             Began as an Octopode Shapeshifter on Apr 6, 2024.
             Slain by a gnoll
             ... wielding a +0 flail
              (8 damage)
             ... on level 4 of the Dungeon.
             The game lasted 00:03:57 (3066 turns).

timneilson the Ruffian (Octopode Shapeshifter)      Turns: 3066, Time: 00:03:58

Health: -1/34      AC:  1    Str: 16    XL:     5   Next: 55%
Magic:  5/5        EV: 12    Int: 12    God:
Gold:   133        SH:  0    Dex: 11    Spells: 4/4 levels left

rFire   . .          .
                       - Unarmed
rCold   . . .        (no shield)
rNeg    . . .        (helmet currently unavailable)
rPois   .            (no amulet)
rElec   .            m - ring of see invisible
rCorr   .            (no ring)
SInv    +            (no ring)
Will    .....        (no ring)
Stlth   +++          (no ring)
HPRegen 0.25/turn    (no ring)
MPRegen 0.09/turn    (no ring)
                     (no ring)

%: no passive effects
@: beast-form, studying 2 skills
A: beast (slay +2), almost no armour, amphibious, 8 rings, camouflage 1,
gelatinous body 1, (nimble swimmer 1), tentacles
a: Begin Untransformation


You were on level 4 of the Dungeon.
You were a hulking beast.
You visited 1 branch of the dungeon, and saw 4 of its levels.

You collected 133 gold pieces.

Inventory:

Armour
 i - a +2 hat
Jewellery
 m - a ring of see invisible (left tentacle)
 n - a ring of resist corrosion
Talismans
 b - a beast talisman (active)
 c - a flux talisman
 d - a granite talisman
 p - a dragon-blood talisman
Wands
 k - a wand of roots (21)
Scrolls
 l - a scroll of fear
 q - a scroll of vulnerability {unknown}
 r - a scroll of identify {unknown}
Potions
 a - 3 potions of lignification
 e - a potion of mutation {unknown}
 f - 2 potions of might {unknown}
 g - a potion of haste {unknown}
 h - 3 potions of curing {unknown}
 j - a potion of berserk rage {unknown}
 o - a potion of ambrosia {unknown}


   Skills:
 + Level 2.0 Fighting
 * Level 3.1 Dodging
 + Level 2.6 Stealth
 * Level 3.8 Unarmed Combat
 + Level 2.1 Evocations
 * Level 3.6 Shapeshifting


You had 4 spell levels left.
You didn't know any spells.
Your spell library was empty.

Dungeon Overview and Level Annotations

Branches:
Dungeon (4/15)
 Temple: D:4-7

Altars:
Vehumet


Innate Abilities, Weirdness & Mutations

You are a hulking beast.
Your limbs bulge with bestial killing power. (Slay +2)
You cannot wear most types of armour.
You are amphibious.
You can wear up to eight rings at the same time.
Your skin changes colour to match your surroundings (Stealth+).
Your rubbery body absorbs attacks. (AC +1, EV +1)
((You are camouflaged when in or above water. (Stealth+)))
You have tentacles for arms and can constrict up to eight enemies at once.


Message History

The gnoll hits you from afar with a +0 spear!
Things that are here:
a +0 short sword; 3 stones The gnoll closely misses you.
There is a stone staircase leading up, spattered with blood here.
The gnoll hits you with a +0 spear.
You climb upwards.
There is a stone staircase leading down here.
You tentacle-slap the gnoll. You grab the gnoll.
The gnoll is lightly wounded.
You constrict the gnoll. The gnoll barely misses you.
You bludgeon the gnoll!
The gnoll is almost dead.
You constrict the gnoll.
You kill the gnoll!
Things that are here:
a +0 spear; a gnoll corpse; a frilled lizard skeleton
There is a stone staircase leading down here.
You start resting.
HP restored.
You climb downwards.
The gnoll hits you with a +0 club. The gnoll hits you with a +0 flail.
The gnoll hits you with a +0 club! The gnoll barely misses you.
There is a stone staircase leading up, spattered with blood here.
You bludgeon the gnoll! You grab the gnoll.
The gnoll is heavily wounded.
You constrict the gnoll. The gnoll hits you with a +0 club!
The gnoll hits you with a +0 flail.
* * * LOW HITPOINT WARNING * * *
You tentacle-slap the gnoll but do no damage.
You squeeze the gnoll.
The gnoll is almost dead.
You constrict the gnoll.
You kill the gnoll!
The gnoll closely misses you.
Your Fighting skill increases to level 2!
You closely miss the gnoll. You grab the gnoll. You squeeze the gnoll!
The gnoll is severely wounded.
You constrict the gnoll. The gnoll hits you with a +0 flail!
You die...

..............................#..
..............................#..
........................).....#..
.###...###...####.##....##...####
.###...##########.##....######...
..............#....'.........#...
..............#....#........(#...
..............#.g..#.........#...
..............#)h..#....######...
.............##)..#######........
.##....##....##...#...........###
# #....##....##...#...........#..
#....#..........'.>.........'.. .
#..........#...........#..
#..........#...........#..
##...###...#...........### #...#
#...###'########...


You could see a gnoll.

Vanquished Creatures
  3 gnolls
  5 adders
  3 dart slugs
  4 orcs
  8 endoplasms
  5 giant cockroaches
  8 hobgoblins
  11 jackals
  3 quokkas
  A ball python (D:3)
  11 bats
  7 frilled lizards
  5 goblins
  8 kobolds
  5 rats
87 creatures vanquished.

Notes
Turn   | Place    | Note
-------+----------+-------------------------------------------
     0 | D:1      | timneilson the Octopode Shapeshifter began the quest for
                  | the Orb.
     0 | D:1      | Reached XP level 1. HP: 13/13 MP: 1/1
   187 | D:1      | Identified a scroll of acquirement
   187 | D:1      | Acquired a manual of Evocations
   237 | D:1      | Reached XP level 2. HP: 17/18 MP: 2/2
   702 | D:2      | Reached XP level 3. HP: 17/23 MP: 3/3
   931 | D:2      | Reached skill level 1 in Evocations
  1131 | D:2      | Reached skill level 1 in Stealth
  1358 | D:2      | Reached XP level 4. HP: 28/28 MP: 4/4
  1709 | D:3      | Found a radiant altar of Vehumet.
  2155 | D:3      | Found a faded altar of an unknown god.
  2315 | D:3      | Reached XP level 5. HP: 31/34 MP: 5/5
  2539 | D:4      | Acquired a manual of Stealth
  3066 | D:4      | Slain by a gnoll

Illustrated notes

Levels and vault maps discovered:
D:1:      lightli_arrival_windingriver, layout_loops_ring
D:2:      layout_basic, dk_noncrumbling_3
D:3:      layout_loops_corners, mainiacjoe_overflow_boulevard,
          shapermc_ecumenical_altar_gd, minmay_misc_feat_alley, st_stairs_8
D:4:      layout_gridville, lemuel_flame_loot_1

Skill      XL: |  1  2  3  4  5 |
---------------+----------------+-----
Evocations     | 1 2 |  2.1
Stealth        | 1 2 |  2.6
Dodging        | 3 |  3.1
Fighting       | 2 |  2.0
Unarmed Combat | |  3.8
Shapeshifting  | |  3.6

Action                     |  1- 3 |  4- 6 || total
---------------------------+-------+-------++-------
  Melee: Unarmed           |    79 |    76 ||   155
         Constrict         |    17 |    24 ||    41
         Tentacles         |    15 |    13 ||    28
         Punch             |     3 |       ||     3
    Use: Scroll            |     3 |     3 ||     6
   Stab: Sleeping          |     7 |     8 ||    15
 Armour: Skin              |    30 |    37 ||    67
  Dodge: Dodged            |    48 |    34 ||    82

Table legend: (Time is in decaauts)
 A = Elapsed time spent in this place.
 B = Non-inter-level travel time spent in this place.
 C = Inter-level travel time spent in this place.
 D = Time resting spent in this place.
 E = Time spent auto-exploring this place.
 F = Levels seen in this place.
 G = Mean time per level.
                   A        B        C        D        E       F      G
               +--------+--------+--------+--------+--------+-----+--------+
         Total |   3055 |   2958 |     97 |     72 |   2293 |   4 |  763.8 |
       Dungeon |   3055 |   2958 |     97 |     72 |   2293 |   4 |  763.8 |
               +--------+--------+--------+--------+--------+-----+--------+

Top non-repeatable levels by time:
     D:3: 954 daAuts
     D:2: 935 daAuts
     D:1: 652 daAuts
     D:4: 513 daAuts
